 Dungeon Crawl Stone Soup version 0.21.1-1-g345015fe64 (webtiles) character file.

473 Gargoyl the Skirmisher (level 6, 0/53 HPs)
             Began as a Centaur Abyssal Knight on July 5, 2018.
             Was a Priest of Lugonu.
             Slain by Menkaure (12 damage)
             ... on level 4 of the Dungeon.
             The game lasted 00:10:08 (4160 turns).

Gargoyl the Skirmisher (Centaur Abyssal Knight)     Turns: 4160, Time: 00:10:09

Health: 0/53       AC: 12    Str: 15    XL:     6   Next: 83%
Magic:  7/7        EV:  4    Int: 11    God:    Lugonu [***...]
Gold:   307        SH:  2    Dex: 10    Spells: 5/5 levels left

rFire    . . .     SeeInvis +   x - +3 war axe
rCold    . . .     Gourm    .   (no shield)
rNeg     . . .     Faith    .   p - +0 plate armour
rPois    .         Spirit   .   h - +0 helmet
rElec    .         Reflect  +   e - +1 cloak
rCorr    .         Harm     .   (no gloves)
MR       .....                  (no barding)
Stlth    ..........             g - +2 amulet of reflection
HPRegen  0.17/turn              d - ring of see invisible
MPRegen  0.10/turn              (no ring)

@: very quick
A: large, hooves 3, deformed body, deterioration 1, speed 2, tough skin 3,
evolution 1, sturdy frame 1
a: Depart the Abyss, Bend Space, Banish, Renounce Religion


You were on level 4 of the Dungeon.
You worshipped Lugonu.
Lugonu was most pleased with you.
You were not hungry.

You visited 1 branch of the dungeon, and saw 4 of its levels.
You visited the Abyss 1 time.

You collected 307 gold pieces.

Inventory:

Hand Weapons
 a - a +2 hand axe
 x - a +3 war axe (weapon)
Missiles
 u - 5 silver tomahawks (quivered)
Armour
 e - a +1 cloak (worn)
 h - a +0 helmet (worn)
 p - a +0 plate armour (worn)
Jewellery
 d - a ring of see invisible (left hand)
 g - a +2 amulet of reflection (around neck)
Wands
 j - a wand of flame (29)
 t - a wand of enslavement (16)
Scrolls
 b - 4 scrolls of remove curse
 r - 2 scrolls of identify
 w - a scroll of teleportation
Potions
 i - a potion of haste {unknown}
 k - 3 potions of curing
 m - a potion of invisibility
 o - a potion of agility
 q - a potion of might
 v - a potion of degeneration {unknown}
Books
 l - a book of Misfortune

   Spells                             Type                      Level
   a - Confusing Touch                Hexes                        1
   b - Confuse                        Hexes                        3
   c - Gell's Gravitas                Translocation                3
   d - Petrify                        Transmutation/Earth          4
   e - Metabolic Englaciation         Hexes/Ice                    5
   f - Yara's Violent Unravelling     Hexes/Transmutation          5
Comestibles
 c - 3 rations


   Skills:
 + Level 4.7 Fighting
 + Level 4.7 Axes
 + Level 2.8 Armour
 + Level 1.1 Dodging
 + Level 2.3 Invocations


You had 5 spell levels left.
You didn't know any spells.

Dungeon Overview and Level Annotations

Branches:
Dungeon (4/15)
 Temple: D:4-7

Altars:
Kikubaaqudgha
Nemelex Xobeh
Okawaru
Qazlal
Trog
Yredelemnul
Zin

Annotations:
D:4 Menkaure


Innate Abilities, Weirdness & Mutations

You have hooves in place of feet.
Armour fits poorly on your strangely shaped body.
You cover ground very quickly.
You have extremely tough skin. (AC +3)
Your body sometimes deteriorates upon taking damage.
You evolve.
Your movements are slightly less encumbered by armour. (ER -2)


Message History

HP restored.
You climb downwards.
Level annotation: Menkaure Menkaure casts a spell.
Menkaure seems to speed up.
There is a stone staircase leading up here.
You hit Menkaure. You kick Menkaure.
Menkaure is moderately damaged.
Menkaure gestures at you while chanting.
You barely resist.
Menkaure calls on the powers of darkness!
Your body is wracked with pain!
You closely miss Menkaure.
Menkaure is moderately damaged.
You block Menkaure's attack. Menkaure hits you!
* * * LOW HITPOINT WARNING * * *
You hit Menkaure.
Menkaure is heavily damaged.
Menkaure hits you!
You die...

#.# # #.
#.####.######. # #..
#............. #
##..##..###รท######.#
# .
.......###.######.####
# ..
.............).....>#
# ... #.
#.#..###..#####.#### #
.). #..#....###..# # #
_.. #....!.....M@.<#
#######
.).#....###...###..#
.......
..............# #..#
####### ##..
######.a.# #..# #.....
#...#######M..###..#
###.....
...................#
........
........M..........#
##.....
#.....#####...##...#
######### #.....#
#......... .........


You could see Menkaure.

Vanquished Creatures
  An eye of draining (Abyss:2)
  2 orc priests (D:3)
  Crazy Yiuf (D:2)
  Ijyb (D:3)
  An iguana (D:4)
  2 worker ants
  3 gnolls (D:2)
  6 adders
  5 oozes
  4 dart slugs
  2 worms
  4 leopard geckos
  6 orcs
  5 giant cockroaches
  4 goblins
  5 hobgoblins
  11 jackals
  4 quokkas
  2 ball pythons
  11 bats
  5 frilled lizards
  3 kobolds
  10 rats
98 creatures vanquished.

Vanquished Creatures (others)
  A plant (D:2)
1 creature vanquished.

Grand Total: 99 creatures vanquished

Notes
Turn   | Place    | Note
-------+----------+-------------------------------------------
     0 | Abyss:1  | Gargoyl the Centaur Abyssal Knight began the quest for the Orb.
     0 | Abyss:1  | Reached XP level 1. HP: 19/19 MP: 2/2
    70 | Abyss:2  | Noticed an eye of draining
    82 | Abyss:2  | Killed an eye of draining
    82 | Abyss:2  | Reached XP level 2. HP: 27/27 MP: 0/3
    82 | Abyss:2  | Reached XP level 3. HP: 33/33 MP: 0/4
    82 | Abyss:2  | Reached XP level 4. HP: 40/40 MP: 0/5
    90 | Abyss:2  | Noticed an ice beast
    90 | D:1      | Escaped the Abyss
   291 | D:1      | Reached * piety under Lugonu
  1196 | D:2      | Reached XP level 5. HP: 43/46 MP: 6/6
  1243 | D:2      | Reached ** piety under Lugonu
  1373 | D:2      | Found a sparkling altar of Nemelex Xobeh.
  1414 | D:2      | Found a runed door.
  1593 | D:2      | Found a glowing silver altar of Zin.
  1597 | D:2      | Found a basalt altar of Yredelemnul.
  1599 | D:2      | Found a stormy altar of Qazlal.
  1600 | D:2      | Found an ancient bone altar of Kikubaaqudgha.
  1898 | D:2      | Found a bloodstained altar of Trog.
  2478 | D:2      | Noticed Crazy Yiuf
  2482 | D:2      | Killed Crazy Yiuf
  2739 | D:3      | Reached XP level 6. HP: 53/53 MP: 7/7
  2771 | D:3      | Reached skill level 1 in Dodging
  3322 | D:3      | Reached *** piety under Lugonu
  3539 | D:3      | Noticed Ijyb
  3549 | D:3      | Killed Ijyb
  3724 | D:4      | Noticed Menkaure
  3770 | D:4      | Found an iron altar of Okawaru.
  3773 | D:4      | Gained mutation: Your movements are slightly less encumbered by armour. (ER -2) [potion of mutation]
  3773 | D:4      | Gained mutation: Your body sometimes deteriorates upon taking damage. [potion of mutation]
  3773 | D:4      | Gained mutation: You evolve. [potion of mutation]
  4160 | D:4      | Slain by Menkaure

Skill      XL: |  1  2  3  4  5  6 |
---------------+-------------------+-----
Fighting       | 4 |  4.7
Axes           | 2 3 4 |  4.7
Armour         | 2 |  2.8
Dodging        | 1 |  1.1
Invocations    | |  2.3

Action                   |  1- 3 |  4- 6 || total
-------------------------+-------+-------++-------
Melee: Hand axe          |    10 |   240 ||   250
       Kick              |     2 |    43 ||    45
       War axe           |       |     6 ||     6
Invok: Depart the Abyss  |       |     1 ||     1
  Use: Scroll            |       |    14 ||    14
       Potion            |       |     2 ||     2
  Eat: Chunk             |       |     5 ||     5
       Ration            |       |     1 ||     1
Armor: Chain mail        |       |    90 ||    90
       Leather armour    |       |    20 ||    20
       Plate armour      |       |   106 ||   106
Dodge: Dodged            |       |    71 ||    71
Block: Other             |       |    16 ||    16
